 Dungeon Crawl Stone Soup version 0.28.0-53-g5a82cb258f (webtiles) character file.

Game seed: 16042817503968075447

39 MordorOrchid the Shield-Bearer (level 3, -1/30 (36) HPs)
             Began as a Troll Fighter on July 4, 2022.
             Slain by a quokka (3 damage)
             ... on level 2 of the Dungeon.
             The game lasted 00:01:36 (524 turns).

MordorOrchid the Shield-Bearer (Troll Fighter)       Turns: 524, Time: 00:01:37

HP:   -1/30 (36)    AC:  4    Str: 24    XL:     3   Next: 26%
MP:   2/2           EV:  8    Int:  6    God:
Gold: 89            SH:  7    Dex:  9    Spells: 2/2 levels left

rFire   . . .      SeeInvis .     - Unarmed
rCold   . . .      Faith    .   b - +0 kite shield
rNeg    . . .      Spirit   .   a - +0 robe
rPois   .          Reflect  .   (helmet restricted)
rElec   .          Harm     .   (no cloak)
rCorr   .          Rampage  .   (gloves unavailable)
Will    .....                   (boots unavailable)
Stlth   +.........              (no amulet)
HPRegen 0.90/turn               (no ring)
MPRegen 0.08/turn               (no ring)

@: heavily drained
A: large, unfitting armour, claws 3, regeneration 1, shaggy fur 1, tough skin 1
a: no special abilities


You were on level 2 of the Dungeon.
You visited 1 branch of the dungeon, and saw 2 of its levels.

You collected 89 gold pieces.

Inventory:

Missiles
 d - 34 stones (quivered)
Armour
 a - a +0 robe (worn)
 b - a +0 kite shield (worn)
Scrolls
 g - a scroll of vulnerability {unknown}
 h - a scroll of identify {unknown}
Potions
 c - a potion of might
 e - a potion of heal wounds {unknown}
 f - a potion of flight {unknown}


   Skills:
 + Level 2.6 Fighting
 + Level 2.6 Dodging
 * Level 2.8 Shields
 * Level 2.7 Unarmed Combat


You had 2 spell levels left.
You didn't know any spells.
Your spell library contained the following spells:

 Spells                   Type           Power      Damage    Failure   Level
 Summon Guardian Golem    Hex/Summ       0%         N/A       98%         3
 Orb of Destruction       Conj           0%         9d5       100%        7
 Spellforged Servitor     Conj/Summ      0%         N/A       100%        7


Dungeon Overview and Level Annotations

Branches:
Dungeon (2/15)

Altars:

Annotations:
D:2 Terence


Innate Abilities, Weirdness & Mutations

You are too large for most types of armour.
You have claws for hands.
Your natural rate of healing is unusually fast.
You are covered in fur. (AC +1)
You have tough skin. (AC +1)


Message History

No target in view!
No target in view!
No target in view!
No target in view!
No target in view!
No target in view!
Things that are here:
a +0 dagger; a kobold corpse
Found a stone staircase leading down.
d - 34 stones (gained 15)
h - a scroll labelled VENAD IRRIYSE
Found a faded altar of an unknown god.
Found a stone staircase leading down.
An adder comes into view.
Terence the Incautious comes into view.
He is wielding the +7 Throatcutter {drain, coup de grace}.
Terence shouts!
The adder bites you but does no damage.
You closely miss the adder. The adder bites you but does no damage.
You claw the adder!
You kill the adder!
A quokka comes into view.
Terence shouts, "DIE!!!"
Terence hits you with the +7 Throatcutter {drain, coup de grace}.
You feel drained.
You closely miss Terence. You block Terence's attack.
You scratch Terence.
Terence is lightly wounded.
Terence hits you with the +7 Throatcutter {drain, coup de grace}!
You feel drained.
You scratch Terence but do no damage.
Terence is lightly wounded.
Terence hits you with the +7 Throatcutter {drain, coup de grace}.
You feel drained.
Terence hits you with the +7 Throatcutter {drain, coup de grace}!
Ouch! That really hurt!
* * * LOW HITPOINT WARNING * * *
You feel drained.
* * * LOW HITPOINT WARNING * * *
The quokka bites you.
You die...

#...... #......
#...... #..... #....
#... #..@#########
##.>...r......
#.....@.†####
#>........#
#.........####.#.#
##.............)...#
#.###.##<.###.#.#.
... #.##..# .. ####
#.##..## .#
#.##.).####.##
#............###


You could see Terence and a quokka.

Vanquished Creatures
  An adder (D:2)
  A dart slug (D:2)
  2 endoplasms (D:1)
  2 giant cockroaches (D:1)
  A goblin (D:1)
  4 jackals (D:1)
  A quokka (D:1)
  2 ball pythons (D:1)
  5 bats (D:1)
  2 frilled lizards (D:1)
  2 kobolds
  3 rats (D:1)
26 creatures vanquished.

Notes
Turn   | Place    | Note
-------+----------+-------------------------------------------
     0 | D:1      | MordorOrchid the Troll Fighter began the quest for the Orb.
     0 | D:1      | Reached XP level 1. HP: 22/22 MP: 0/0
   154 | D:1      | Reached XP level 2. HP: 29/29 MP: 1/1
   482 | D:2      | Reached XP level 3. HP: 36/36 MP: 2/2
   499 | D:2      | Found a faded altar of an unknown god.
   516 | D:2      | Noticed Terence
   524 | D:2      | Slain by a quokka

Illustrated notes

Levels and vault maps discovered:
D:1:      amcnicky_arrival_choice, layout_rooms, chequers_jeans
D:2:      layout_loops_ring, basic_ecumenical_altar, uniq_terence

Action                   || total
-------------------------++-------
Melee: Unarmed           ||    62
Armor: Robe              ||    32
Dodge: Dodged            ||    22
Block: Kite shield       ||    17
